 Dungeon Crawl Stone Soup version 0.26-a0-966-gd078a86f14 (webtiles) character file.

Game seed: 8666143685223661962

254 Descartes the Gusty (level 5, -7/28 HPs)
             Began as a Deep Elf Air Elementalist on Dec 3, 2020.
             Was an Initiate of Gozag.
             Killed from afar by an orc wizard (10 damage)
             ... with a puff of frost
             ... on level 4 of the Dungeon.
             The game lasted 00:09:14 (3790 turns).

Descartes the Gusty (Deep Elf Air Elementalist)     Turns: 3790, Time: 00:09:15

Health: -7/28      AC:  4    Str:  5    XL:     5   Next: 91%
Magic:  2/11       EV: 11    Int: 27    God:    Gozag
Gold:   219        SH:  4    Dex: 15    Spells: 6/10 levels left

rFire    . . .     SeeInvis .   v - +0 falchion
rCold    . . .     Faith    .   t - +0 buckler
rNeg     . . .     Spirit   .   p - +0 leather armour
rPois    .         Reflect  .   n - +0 helmet
rElec    .         Harm     .   (no cloak)
rCorr    .         Rampage  .   (no gloves)
MR       .....                  (no boots)
Stlth    ++........             (no amulet)
HPRegen  0.09/turn              s - +6 ring of intelligence
MPRegen  0.12/turn              (no ring)

@: no status effects
A: no striking features
a: Potion Petition, Call Merchant, Bribe Branch, Renounce Religion


You were on level 4 of the Dungeon.
You worshipped Gozag.
Gozag was aware of your devotion.
You visited 1 branch of the dungeon, and saw 4 of its levels.

You collected 260 gold pieces.
You paid 41 gold pieces to Gozag.

Inventory:

Hand Weapons
 k - a +0 dagger
 v - a +0 falchion (weapon)
Missiles
 f - 3 atropa-tipped darts
 h - 61 stones
 j - 80 sling bullets
 m - 12 boomerangs
 q - 37 arrows
Armour
 a - a +0 robe
 l - a +0 kite shield
 n - a +0 helmet (worn)
 p - a +0 leather armour (worn)
 t - a +0 buckler (worn)
Jewellery
 s - a +6 ring of intelligence (left hand)
 w - an uncursed amulet of the acrobat {unknown}
Wands
 x - a wand of random effects (22)
Scrolls
 d - 3 scrolls of identify {unknown}
 i - a scroll of fog {unknown}
 o - a scroll of enchant weapon {unknown}
 r - a scroll of teleportation {unknown}
Potions
 b - a potion of flight {unknown}
 c - 3 potions of heal wounds {unknown}
 e - 6 potions of curing {unknown}
 g - a potion of degeneration {unknown}
 u - a potion of might {unknown}


   Skills:
 - Level 2.4 Dodging
 - Level 2.4 Stealth
 * Level 2.5 Shields
 - Level 3.0 Spellcasting
 + Level 3.6 Conjurations
 + Level 4.6 Air Magic


You had 6 spell levels left.
You knew the following spells:

 Your Spells              Type           Power        Failure   Level
a - Shock                 Conj/Air       ####         3%          1
b - Static Discharge      Conj/Air       ####....     10%         3

Your spell library contained the following spells:

 Spells                   Type           Power        Failure   Level
 Swiftness                Air            ####....     4%          2
 Airstrike                Air            ####......   26%         4
 Lightning Bolt           Conj/Air       ####......   65%         5


Dungeon Overview and Level Annotations

Branches:
Dungeon (4/15)
 Temple: D:4-7

Altars:
Gozag
Hepliaklqana
Okawaru
Sif Muna

Annotations:
D:3 3 runed translucent doors, Gildeon's ghost, amateur FoFi


Message History

You barely miss the orc wizard.
The orc wizard is almost dead.
The orc wizard casts a spell.
The orc wizard flickers and vanishes!
Deactivating autopickup; reactivate with Ctrl-A.
Something hits you.
A magic dart appears from out of thin air!
The magic dart hits you!
You hear some strange, mumbled words.
A magic dart appears from out of thin air!
The magic dart hits you!
* * * LOW HITPOINT WARNING * * *
Something hits you.
* * * LOW HITPOINT WARNING * * *
There is a stone staircase leading up here.
You hear some strange, mumbled words.
A puff of frost appears from out of thin air!
The puff of frost hits you!
You die...
Your body crumbles into a pile of gold.

###########
#######......)..#
#.........#####.#
#.#.......# #.#
#.#.###.#.### #.#
#.#.#..{@...# #.###
#.#.#s#.#.#.###.#.#####
#.#.#.#...............###
#.#.#s###.#.........#....
#.........######......#
####...#### ##.#####
#.....# #.# ##...## #.#
##.## ##'##


You could see a scorpion.

Vanquished Creatures
  2 orc priests (D:3)
  An orc wizard (D:3)
  2 worker ants
  Ijyb (D:4)
  A gnoll (D:1)
  A shadow imp (D:2)
  An ooze (D:1)
  An adder skeleton (D:4)
  A worm (D:2)
  A dart slug (D:1)
  A leopard gecko (D:2)
  9 orcs
  4 giant cockroaches
  8 goblins
  4 hobgoblins
  3 jackals (D:1)
  2 ball pythons
  5 bats
  7 frilled lizards
  9 kobolds
  8 rats
72 creatures vanquished.

Notes
Turn   | Place    | Note
-------+----------+-------------------------------------------
     0 | D:1      | Descartes the Deep Elf Air Elementalist began the quest for
                  | the Orb.
     0 | D:1      | Reached XP level 1. HP: 10/10 MP: 6/6
   522 | D:1      | Reached XP level 2. HP: 15/15 MP: 6/8
  1068 | D:1      | Reached XP level 3. HP: 19/19 MP: 4/9
  1481 | D:1      | Learned a level 3 spell: Static Discharge
  1617 | D:2      | Found an iron altar of Okawaru.
  1794 | D:2      | Reached skill level 4 in Air Magic
  1883 | D:2      | Reached skill level 1 in Shields
  1883 | D:2      | Reached XP level 4. HP: 24/24 MP: 5/10
  2513 | D:3      | Found a shimmering blue altar of Sif Muna.
  2515 | D:3      | Found an opulent altar of Gozag.
  2518 | D:3      | Became a worshipper of Gozag Ym Sagoz the Greedy
  2600 | D:3      | Reached XP level 5. HP: 25/28 MP: 2/11
  3164 | D:3      | Found a runed translucent gate.
  3165 | D:3      | Found a runed translucent gate.
  3166 | D:3      | Found a runed translucent gate.
  3171 | D:3      | Noticed Gildeon's ghost (amateur FoFi)
  3488 | D:4      | Noticed Ijyb
  3611 | D:4      | Killed Ijyb
  3757 | D:4      | Found a hazy altar of Hepliaklqana.
  3790 | D:4      | Killed from afar by an orc wizard

Illustrated notes

Levels and vault maps discovered:
D:1:      minmay_arrival_nine_rooms, layout_loops_corners
D:2:      layout_basic, old_standard_altar
D:3:      layout_basic, minitemple, gammafunk_ghost_necromancy
D:4:      layout_loops_corners, nicolae_overflow_crystal_walls,
          marbit_many_paths, grunt_decor_resistance, uniq_sigmund, uniq_robin,
          uniq_eustachio, uniq_ijyb

Skill      XL: |  1  2  3  4  5 |
---------------+----------------+-----
Conjurations   | 2 3 |  3.6
Air Magic      | 4 |  4.6
Shields        | 1 2 |  2.5
Dodging        | |  2.4
Stealth        | |  2.4
Spellcasting   | |  3.0

Action                   |  1- 3 |  4- 6 || total
-------------------------+-------+-------++-------
Melee: Dagger            |       |    13 ||    13
       Falchion          |       |     3 ||     3
 Cast: Shock             |    79 |    81 ||   160
       Static Discharge  |       |     1 ||     1
 Stab: Distracted        |       |     1 ||     1
Armor: Robe              |     2 |       ||     2
       Leather armour    |       |     3 ||     3
Dodge: Dodged            |     4 |    11 ||    15
Block: Buckler           |       |     2 ||     2
       Rpst.: Falchion   |       |     2 ||     2

Table legend: (Time is in decaauts)
 A = Elapsed time spent in this place.
 B = Non-inter-level travel time spent in this place.
 C = Inter-level travel time spent in this place.
 D = Time resting spent in this place.
 E = Time spent auto-exploring this place.
 F = Levels seen in this place.
 G = Mean time per level.
                   A        B        C        D        E       F      G
               +--------+--------+--------+--------+--------+-----+--------+
         Total |   3790 |   3639 |    151 |     40 |   3180 |   4 |  947.5 |
       Dungeon |   3790 |   3639 |    151 |     40 |   3180 |   4 |  947.5 |
               +--------+--------+--------+--------+--------+-----+--------+

Top non-repeatable levels by time:
     D:1: 1481 daAuts
     D:3: 1043 daAuts
     D:2: 1001 daAuts
     D:4: 264 daAuts
